 Dungeon Crawl Stone Soup version 0.29.1-2-gbd0b4ee654 (webtiles) character file.

Game seed: 5152414409550627927

102918 Lutefisk the Warrior (level 16, -3/108 HPs)
             Began as a Gargoyle Monk on Nov 11, 2022.
             Was a High Priest of Makhleb.
             Slain by a two-headed ogre
             ... wielding a +0 giant club
              (10 damage)
             ... while paralysed by an ogre mage
             ... on level 15 of the Dungeon.
             The game lasted 01:58:24 (19027 turns).

Lutefisk the Warrior (Gargoyle Monk)               Turns: 19027, Time: 01:58:24

Health: -3/108     AC: 35    Str: 23    XL:     16   Next: 34%
Magic:  0/23       EV:  2    Int: 12    God:    Makhleb [*****.]
Gold:   2211       SH:  0    Dex: 16    Spells: 15/15 levels left

rFire   . . .      SeeInvis +   o - +0 demon whip (venom)
rCold   + + .      Faith    .   T - +2 kite shield
rNeg    + + +      Spirit   +   w - +4 chain mail {rC+}
rPois   ∞          Reflect  .   t - +0 helmet
rElec   +          Harm     .   x - +0 cloak of the Falcon {rN+ Dex+7 Stlth+}
rCorr   .          Rampage  .   L - +0 pair of gloves
Will    +....                   a - +2 pair of boots
Stlth   ++........              Q - amulet "Sarrulyh" {Spirit Str+5 Dex-5 SInv}
HPRegen 0.28/turn               U - ring of protection from cold
MPRegen 0.18/turn               C - ring of positive energy

@: paralysed, flying
A: sickness immunity, AC +12, big wings, negative energy resistance 1,
electricity resistance, torment resistance 1, petrification resistance,
iridescent scales 1, deformed body, weak 1, subdued magic 1, noise suppression
a: Renounce Religion, Minor Destruction, Lesser Servant of Makhleb, Major
Destruction, Greater Servant of Makhleb


You were on level 15 of the Dungeon.
You worshipped Makhleb.
Makhleb was extremely pleased with you.
You visited 5 branches of the dungeon, and saw 24 of its levels.
You visited the Abyss 4 times.
You also visited: Ice Cave.

You collected 2239 gold pieces.
You spent 28 gold pieces at shops.

Inventory:

Hand Weapons
 o - a +0 demon whip of venom (weapon)
 P - a +4 flail of protection
Missiles
 b - 20 boomerangs
 O - 5 throwing nets (quivered)
 W - 3 curare-tipped darts
Armour
 a - a +2 pair of boots (worn)
 t - a +0 helmet (worn)
 w - a +4 chain mail of cold resistance (worn)
 x - the +0 cloak of the Falcon (worn) {rN+ Dex+7 Stlth+}
   (You found it on level 14 of the Dungeon)

   Dex:       It affects your dexterity (+7).
   rN:        It protects you from negative energy.
   Stlth:     It makes you more stealthy.
 L - a +0 pair of gloves (worn)
 T - a +2 kite shield (worn)
Jewellery
 i - the amulet "Lurphi" {RegenMP Slay+3}
   (You found it on level 10 of the Dungeon)

   [amulet of magic regeneration]

   It increases your rate of magic regeneration.
   Slay:      It affects your accuracy & damage with ranged weapons and melee
   (+3).
 C - a ring of positive energy (right hand)
 Q - the amulet "Sarrulyh" (around neck) {Spirit Str+5 Dex-5 SInv}
   (You found it on level 2 of the Lair of Beasts)

   [amulet of guardian spirit]

   It causes incoming damage to be divided between your reserves of health and
   magic.
   Str:       It affects your strength (+5).
   Dex:       It affects your dexterity (-5).
   SInv:      It lets you see invisible.
 U - a ring of protection from cold (left hand)
 Y - an amulet of magic regeneration
Wands
 k - a wand of roots (15)
 n - a wand of mindburst (23)
 y - a wand of digging (1)
 E - a wand of flame (59)
 G - a wand of polymorph (21)
 R - a wand of paralysis (18)
 Z - a wand of acid (7)
Scrolls
 c - 4 scrolls of teleportation
 d - 2 scrolls of blinking {unknown}
 g - a scroll of enchant weapon
 m - 8 scrolls of magic mapping
 p - 4 scrolls of vulnerability
 s - 8 scrolls of immolation
 u - 2 scrolls of poison
 v - 4 scrolls of amnesia
 A - a scroll of acquirement {unknown}
 B - 3 scrolls of fear {unknown}
 J - 4 scrolls of enchant armour
 K - a scroll of silence
 S - 4 scrolls of fog {unknown}
 V - a scroll of torment {unknown}
 X - 3 scrolls of summoning {unknown}
Potions
 e - 3 potions of curing
 f - 5 potions of lignification
 h - 3 potions of berserk rage
 l - 2 potions of brilliance
 q - 3 potions of cancellation {unknown}
 r - 4 potions of degeneration {unknown}
 z - 3 potions of attraction
 D - 4 potions of might {unknown}
 F - 3 potions of invisibility {unknown}
 H - 6 potions of haste {unknown}
 M - 3 potions of mutation {unknown}
Miscellaneous
 j - a phantom mirror
 N - a phial of floods


   Skills:
 - Level 15.0 Fighting
 - Level 12.0 Maces & Flails
 * Level 13.1 Armour
 - Level 10.0 Dodging
 - Level 8.0 Stealth
 * Level 13.1 Shields
 - Level 10.0 Invocations
 - Level 3.0 Evocations


You had 15 spell levels left.
You didn't know any spells.
Your spell library contained the following spells:

 Spells                   Type           Power      Damage    Failure   Level
 Apportation              Tloc           0%         N/A       96%         1
 Freeze                   Ice            0%         1d3       96%         1
 Magic Dart               Conj           0%         1d3       96%         1
 Shock                    Conj/Air       0%         1d3       96%         1
 Slow                     Hex            0%         N/A       96%         1
 Searing Ray              Conj           0%         2d4       99%         2
 Static Discharge         Conj/Air       0%         3-3/arc   99%         2
 Confusing Touch          Hex            0%         N/A       100%        3
 Conjure Flame            Conj/Fire      0%         6-21      100%        3
 Frozen Ramparts          Ice            0%         1d1       100%        3
 Ignite Poison            Fire/Tmut/Pois 0%         N/A       100%        3
 Portal Projectile        Hex/Tloc       0%         N/A       100%        3
 Swiftness                Air            0%         N/A       100%        3
 Tukima's Dance           Hex            0%         N/A       100%        3
 Vampiric Draining        Necr           0%         2d6       100%        3
 Airstrike                Air            0%         2d(0-16)  100%        4
 Fulminant Prism          Conj/Hex       0%         3d6       100%        4
 Hailstorm                Conj/Ice       0%         3d3       100%        4
 Ice Form                 Ice/Tmut       0%         N/A       100%        4
 Sticky Flame             Conj/Fire      0%         2d3       100%        4
 Summon Ice Beast         Ice/Summ       0%         N/A       100%        4
 Summon Lightning Spire   Summ/Air       0%         N/A       100%        4
 Alistair's Intoxication  Tmut/Pois      0%         N/A       100%        5
 Blade Hands              Tmut           0%         N/A       100%        5
 Lightning Bolt           Conj/Air       0%         1d11      100%        5
 Borgnjor's Revivificati  Necr           0%         N/A       100%        8
 Maxwell's Capacitive Co  Air            0%         ∞         100%        8
 Necromutation            Tmut/Necr      0%         N/A       100%        8
 Death's Door             Necr           0%         N/A       100%        9


Dungeon Overview and Level Annotations

Branches:
Dungeon (15/15)            Temple (1/1) D:4            Lair (5/5) D:8
  Snake (1/4) Lair:3        Slime (0/5) Lair:5          Orc (2/2) D:10
    Elf (0/3) Orc:2        Vaults (0/5) D:14          IceCv (visited)
  Swamp: Lair:2-3    Shoals: Lair:2-3    Depths: D:15

Altars:
Ashenzari
Elyvilon
Fedhas
Gozag
Hepliaklqana
Kikubaaqudgha
Makhleb
Nemelex Xobeh
Okawaru
Ru
Sif Muna
Vehumet
Wu Jian
Xom
Yredelemnul
Zin
The Shining One
Jiyva

Shops:
D:2 [   D:5 *   D:7 *   D:8 ::?   D:13 *

Annotations:
D:5 Eustachio
D:8 1 runed translucent door


Innate Abilities, Weirdness & Mutations

You are immune to sickness and miasma.
Your stone body is resilient. (AC +12)
You are immune to poison.
Your large and strong wings let you fly.
You resist negative energy. (rN+)
You are resistant to electric shocks. (rElec)
You are resistant to unholy torment.
You are immune to petrification.
You are partially covered in iridescent scales. (AC +2)
Armour fits poorly on your strangely shaped body.
You are weak. (Str -2)
Your spells are a little easier to cast, but a little less powerful.
You passively dampen the noise of your surroundings.


Message History

The two-headed ogre closely misses you.
You barely miss the ogre mage.
The ogre mage is heavily wounded.
You whack the ogre mage!
The ogre mage looks as sick as possible!
The ogre mage is almost dead.
The two-headed ogre hits you but does no damage.
The two-headed ogre hits you with a +3 vorpal dire flail.
The ogre mage points at you and mumbles some strange words.
You suddenly lose the ability to move!
The two-headed ogre hits you with a +0 giant club!
The two-headed ogre hits you with a +3 vorpal dire flail.
The ogre mage gestures at the two-headed ogre while chanting.
The two-headed ogre seems to speed up.
The two-headed ogre hits you with a +0 giant club. x2
The two-headed ogre hits you but does no damage. x2
The two-headed ogre hits you with a +0 dire flail!
The two-headed ogre hits you with a +0 giant club.
The ogre mage hits you but does no damage.
The two-headed ogre hits you with a +0 giant club.
The two-headed ogre hits you but does no damage.
The two-headed ogre barely misses you.
The two-headed ogre hits you with a +0 giant club!
The two-headed ogre hits you with a +0 giant club!!
The two-headed ogre hits you with a +0 giant club.
The ogre mage casts a spell at you.
The bolt of magma hits you but does no damage.
The two-headed ogre hits you with a +0 giant club!!
* * * LOW HITPOINT WARNING * * *
The two-headed ogre hits you with a +3 vorpal dire flail.
* * * LOW HITPOINT WARNING * * *
x2 The two-headed ogre hits you with a +0 dire flail.
* * * LOW HITPOINT WARNING * * *
The two-headed ogre hits you but does no damage. x2
The two-headed ogre hits you with a +0 giant club!
* * * LOW HITPOINT WARNING * * *
The ogre mage hits you but does no damage.
The two-headed ogre hits you but does no damage.
The two-headed ogre hits you with a +3 vorpal dire flail!
You die...

......# # #......# .# #......#
..# #####..... ###########....
......... ...............
.......# #....[....O. .......#
#........OO. .......#
#OOO#####... .......#
#O@3#...#.. .......#
#...#...#.#######
.......########...#...#.#.....#
####....).........#...#.##....#
#....######....#...#).'....#
#....# ..#....#'###..#'####..
##...# ...#...................
#...#....#.....#######.######
#...'....#.....# #.#


You could see 3 two-headed ogres, an ogre mage (invisible, extremely poisoned)
and a friendly neqoxec (summoned).

Vanquished Creatures
  A lich (Abyss:2)
  2 tentacled starspawn (Abyss:3)
  An orc warlord (D:10)
  Snorg (D:13)
  Erolcha (D:13)
  A great orb of eyes (Abyss:2)
  Harold (Lair:1)
  A boulder beetle (D:15)
  An ice dragon (IceCv)
  2 hydras (Lair:5)
  2 anacondas (Snake:1)
  A death knight (D:13)
  A dancing weapon (D:14)
  2 centaur warriors
  A merfolk avatar (Lair:5)
  6 death yaks (Lair:5)
  A naga warrior (Snake:1)
  3 two-headed ogres
  6 thrashing horrors
  Urug (Lair:3)
  A wretched star (Abyss:3)
  A shadow wraith (Abyss:2)
  A sea snake (Lair:5)
  5 wizards (D:14)
  A harpy (Lair:5)
  A phantasmal warrior (D:12)
  An orc knight (Orc:2)
  A deep elf zephyrmancer (D:14)
  5 cyclopes
  2 deep elf pyromancers (D:14)
  2 orc sorcerers
  15 elephants
  11 ugly things
  A manticore (D:12)
  5 black mambas
  A naga mage (Snake:1)
  6 smoke demons
  A storm dragon simulacrum (IceCv)
  5 cane toads
  A gargoyle (D:13)
  An apocalypse crab (Abyss:2)
  2 kobold demonologists (D:13)
  4 rime drakes
  2 efreet
  3 ancient zymes
  5 freezing wraiths
  A golden dragon simulacrum (IceCv)
  8 komodo dragons
  A harpy zombie (Abyss:3)
  6 trolls
  3 meliai (D:14)
  3 hornets
  Grinder (D:6)
  A polar bear (Lair:5)
  6 raiju
  6 saltlings (Orc:2)
  6 blink frogs
  6 slime creatures
  10 dream sheep
  A flying skull (Abyss:2)
  4 shadows
  2 vampires
  4 ynoxinuls
  3 wraiths
  3 wyverns
  26 yaks
  A hog (D:14)
  5 basilisks
  7 small abominations
  3 neqoxecs
  2 steam dragons (D:9)
  Menkaure (D:5)
  A warg (Orc:2)
  3 nagas
  A swamp worm (Lair:3)
  3 acid dragons
  5 large abominations
  13 water moccasins
  16 orc warriors
  2 centaurs (D:13)
  22 wolves
  3 ogres
  2 phantoms
  10 bullfrogs
  6 kobold brigands
  A gnoll sergeant (D:12)
  A scorpion (D:5)
  8 wights (D:7)
  A troll zombie (D:10)
  7 killer bees (D:10)
  9 howler monkeys
  2 crimson imps (Abyss:2)
  2 quasits
  2 jellies
  2 hounds (D:5)
  14 orc priests
  Natasha (twice) (D:2)
  Terence (D:2)
  3 iguanas
  20 orc wizards
  7 ogre zombies (D:10)
  Robin (D:3)
  6 adders
  7 gnolls
  A shadow imp (D:6)
  A white imp (Abyss:3)
  2 ufetubi (Abyss:2)
  2 worms (D:3)
  2 dart slugs (D:1)
  57 orcs
  6 ball pythons
  An endoplasm (D:3)
  5 giant cockroaches
  12 goblins
  5 hobgoblins
  6 jackals
  18 kobolds
  2 quokkas
  8 bats
  2 frilled lizards (D:1)
  2 goblin skeletons (D:10)
  3 goblin zombies (D:10)
  3 hobgoblin skeletons (D:10)
  3 orc skeletons (D:10)
  13 orc zombies (D:10)
  8 rats
  A pillar of salt (Orc:2)
586 creatures vanquished.

Vanquished Creatures (collateral kills)
  Frances (D:13)
  Kirke (D:14)
  Fannar (Lair:2)
  An ice dragon (IceCv)
  2 hydras
  A dancing weapon (D:14)
  6 death yaks (D:8)
  A thrashing horror (Abyss:3)
  Amaemon (Lair:1)
  A sixfirhy (D:14)
  A skeletal warrior (D:13)
  A bog body (Lair:3)
  2 wizards (D:14)
  A lindwurm (Lair:4)
  2 elephants (Lair:2)
  A storm dragon simulacrum (IceCv)
  An orange demon (Lair:1)
  A cane toad (Lair:1)
  An efreet (Abyss:2)
  A komodo dragon (Lair:1)
  2 blink frogs (Lair:1)
  3 slime creatures
  A dream sheep (Lair:5)
  A snapping turtle (Lair:5)
  A shadow (D:8)
  4 wraiths (D:8)
  13 yaks
  A neqoxec (Abyss:3)
  2 hogs (D:14)
  A naga (Lair:3)
  2 water moccasins (Lair:1)
  2 orc warriors (Orc:1)
  An ice dragon simulacrum (IceCv)
  5 wolves
  An ogre (D:15)
  2 bullfrogs
  2 lindwurm simulacra (IceCv)
  A killer bee (D:10)
  An orc wizard (Orc:1)
  A gnoll (D:12)
  3 orcs
  7 bats (D:8)
  An orc zombie (D:10)
86 creatures vanquished.

Vanquished Creatures (others)
  2 wizards (D:14)
  A tormentor (D:14)
  2 howler monkeys (D:9)
  15 fungi
  28 plants
  12 starspawn tentacles
60 creatures vanquished.

Grand Total: 732 creatures vanquished

Notes
Turn   | Place    | Note
-------+----------+-------------------------------------------
     0 | D:1      | Lutefisk the Gargoyle Monk began the quest for the Orb.
     0 | D:1      | Reached XP level 1. HP: 14/14 MP: 1/1
   190 | D:1      | Reached XP level 2. HP: 19/19 MP: 2/2
   235 | D:2      | Noticed Natasha
   265 | D:2      | Noticed a crimson imp
   265 | D:2      | Killed Natasha
   266 | D:2      | Reached skill level 4 in Fighting
   266 | D:2      | Reached XP level 3. HP: 12/24 MP: 3/3
   369 | D:2      | Identified the +10 dagger of Defence {vorpal, rC+}
   512 | D:1      | Reached XP level 4. HP: 22/30 MP: 4/4
   701 | D:2      | Noticed Natasha
   708 | D:2      | Killed Natasha
   709 | D:2      | Reached skill level 1 in Armour
   778 | D:2      | Noticed Terence
   779 | D:2      | Found Poll's Antique Armour Shoppe.
   786 | D:2      | Killed Terence
   787 | D:2      | Reached XP level 5. HP: 15/34 MP: 5/5
  1064 | D:3      | Noticed Robin
  1068 | D:3      | Killed Robin
  1080 | D:3      | Reached skill level 5 in Fighting
  1250 | D:4      | Found a staircase to the Ecumenical Temple.
  1259 | Temple   | Entered the Ecumenical Temple
  1265 | Temple   | Became a worshipper of Makhleb the Destroyer
  1265 | Temple   | Reached * piety under Makhleb
  1265 | Temple   | Reached ** piety under Makhleb
  1277 | D:4      | Noticed a phantom
  1299 | Temple   | Killed a phantom
  1300 | Temple   | Reached skill level 1 in Invocations
  1300 | Temple   | Reached XP level 6. HP: 30/40 MP: 6/6
  1516 | D:5      | Entered Level 5 of the Dungeon
  1526 | D:5      | Noticed Eustachio
  1604 | D:5      | Reached skill level 5 in Maces & Flails
  1672 | D:5      | Found Oteoma's Lightly-Used Armoury.
  1684 | D:5      | Reached skill level 6 in Fighting
  1684 | D:5      | Reached XP level 7. HP: 46/46 MP: 8/8
  1692 | D:5      | Found a radiant altar of Vehumet.
  1693 | D:5      | Found a shimmering blue altar of Sif Muna.
  1693 | D:5      | Found a basalt altar of Yredelemnul.
  1761 | D:5      | Noticed Menkaure
  1819 | D:5      | Killed Menkaure
  2072 | D:6      | Found a shimmering altar of Xom.
  2135 | D:6      | Reached XP level 8. HP: 50/52 MP: 9/9
  2144 | D:6      | Found a sacrificial altar of Ru.
  2304 | D:6      | Reached skill level 7 in Fighting
  2306 | D:6      | Noticed Grinder
  2311 | D:6      | Killed Grinder
  2312 | D:6      | Reached skill level 8 in Fighting
  2476 | D:7      | Reached *** piety under Makhleb
  2593 | D:7      | Found Rulier's CLEARANCE SALE!.
  2644 | D:7      | Found a sparkling altar of Nemelex Xobeh.
  2706 | D:7      | Noticed a hornet
  2720 | D:7      | Killed a hornet
  2721 | D:7      | Reached skill level 1 in Evocations
  2721 | D:7      | Reached XP level 9. HP: 44/59 MP: 9/11
  2798 | D:7      | Reached skill level 5 in Armour
  2930 | D:8      | Found Gotz's Book Boutique.
  2934 | D:8      | Noticed a death yak
  3026 | D:8      | Found Qechuk's Magic Scroll Shoppe.
  3043 | D:8      | Bought a scroll of identify for 28 gold pieces
  3102 | D:8      | Found Mouraps's Book Boutique.
  3176 | D:8      | Found a glowing golden altar of the Shining One.
  3178 | D:8      | Found a runed translucent door.
  3192 | D:8      | Found a shimmering altar of Xom.
  3207 | D:8      | Found a broken altar of Ashenzari.
  3225 | D:8      | Found a shimmering altar of Xom.
  3238 | D:8      | Reached skill level 9 in Fighting
  3270 | D:8      | Reached skill level 10 in Fighting
  3272 | D:8      | Noticed a flayed ghost
  3272 | D:8      | Found the +9 staff of Wucad Mu {*channel}
  3279 | D:8      | Found a burning altar of Makhleb.
  3282 | D:8      | Found a blossoming altar of Fedhas.
  3383 | D:8      | Reached **** piety under Makhleb
  3475 | D:8      | Found a staircase to the Lair.
  3477 | D:8      | Noticed a death yak
  3477 | D:8      | Noticed a death yak
  3504 | D:8      | Noticed a death yak
  3512 | D:8      | Killed a death yak
  3513 | D:8      | Reached XP level 10. HP: 68/68 MP: 13/13
  3516 | D:8      | Noticed a death yak
  3539 | D:8      | Killed a death yak
  3554 | D:8      | Killed a death yak
  3584 | D:8      | Killed a death yak
  3585 | D:8      | Reached skill level 5 in Dodging
  3613 | D:8      | Noticed a death yak
  3633 | D:8      | Killed a death yak
  3687 | D:8      | Killed a death yak
  3688 | D:8      | Reached skill level 10 in Maces & Flails
  3711 | Lair:1   | Entered Level 1 of the Lair of Beasts
  3717 | Lair:1   | Reached XP level 11. HP: 42/72 MP: 14/14
  4132 | Lair:1   | Reached skill level 10 in Armour
  4132 | Lair:1   | Noticed Harold
  4172 | Lair:1   | Killed Harold
  4429 | Lair:1   | Noticed Amaemon
  4666 | Lair:2   | Reached skill level 5 in Invocations
  4748 | Lair:2   | Identified the amulet "Sarrulyh" {Spirit Str+5 Dex-5 SInv}
  4750 | Lair:2   | Noticed Fannar
  4790 | Lair:2   | Killed Fannar
  4791 | Lair:2   | Reached XP level 12. HP: 44/78 MP: 15/15
  4890 | Lair:2   | Reached skill level 11 in Fighting
  4964 | Lair:2   | You fall into a shaft and drop 1 floor!
  5264 | Lair:2   | Noticed Urug
  5265 | Lair:2   | Paralysed by Urug for 2 turns
  5336 | Lair:3   | Noticed an eight-headed hydra
  5375 | Lair:3   | Killed an eight-headed hydra
  5376 | Lair:3   | Reached skill level 1 in Shields
  5600 | Lair:3   | Reached skill level 12 in Fighting
  5700 | Lair:3   | Found a staircase to the Snake Pit.
  5903 | Lair:4   | Reached skill level 5 in Shields
  6423 | Lair:5   | Entered Level 5 of the Lair of Beasts
  6466 | Lair:5   | Noticed a four-headed hydra
  6468 | Lair:5   | Noticed a death yak
  6593 | Lair:5   | Noticed a merfolk avatar
  6671 | Lair:3   | Killed Urug
  6849 | Lair:2   | Reached XP level 13. HP: 77/86 MP: 14/16
  7062 | Lair:1   | Killed Amaemon
  7236 | D:10     | Entered Level 10 of the Dungeon
  7437 | D:9      | Found a white marble altar of Elyvilon.
  7454 | D:9      | Reached skill level 10 in Shields
  7627 | D:9      | Found an ancient bone altar of Kikubaaqudgha.
  8072 | D:10     | Found an iron altar of Okawaru.
  8175 | D:10     | Found a staircase to the Orcish Mines.
  8399 | D:10     | Reached ***** piety under Makhleb
  8475 | D:10     | Identified the amulet "Lurphi" {RegenMP Slay+3}
  8494 | Orc:1    | Entered Level 1 of the Orcish Mines
  8633 | Orc:1    | Noticed an orc warlord
  9778 | D:13     | Found Hukhasaa's Changing Room.
  9901 | D:13     | Noticed Snorg
  9916 | D:13     | Killed Snorg
 10026 | D:13     | Noticed Erolcha
 10029 | Abyss:1  | Found a corrupted altar of Lugonu.
 10029 | Abyss:1  | Cast into level 1 of the Abyss (Erolcha)
 10206 | Abyss:1  | Noticed a bone dragon
 10216 | Abyss:1  | Noticed a tentacled starspawn
 10245 | D:13     | Escaped the Abyss
 10253 | D:13     | Killed Erolcha
 10583 | D:13     | Noticed Frances
 10619 | D:13     | Killed Frances
 10620 | D:13     | Gained mutation: Your large and strong wings let you fly.
                  | [Gargoyle growth]
 10620 | D:13     | Reached XP level 14. HP: 34/92 MP: 3/19
 11103 | Snake:1  | Entered Level 1 of the Snake Pit
 11280 | Snake:1  | Found a frozen archway.
 11286 | IceCv    | Entered an ice cave
 11771 | IceCv    | Noticed a white draconian
 12427 | Lair:5   | Found a staircase to the Slime Pits.
 12428 | Lair:5   | Found a viscous altar of Jiyva.
 12736 | Lair:5   | Identified the +5 scimitar of the Middle {elec, Dex+2}
 12920 | Lair:5   | Reached skill level 10 in Dodging
 13192 | Lair:5   | Reached XP level 15. HP: 78/97 MP: 21/21
 13209 | Lair:5   | Reached skill level 13 in Fighting
 13715 | D:10     | Killed an orc warlord
 14000 | Orc:1    | You are sucked into a shaft and drop 1 floor!
 14000 | Orc:2    | Entered Level 2 of the Orcish Mines
 14109 | Orc:2    | Reached skill level 14 in Fighting
 14363 | Orc:2    | Reached ****** piety under Makhleb
 14396 | Orc:2    | Found a staircase to the Elven Halls.
 15035 | D:14     | Noticed Kirke
 15047 | D:14     | Noticed a sphinx
 15073 | D:14     | Identified the +0 cloak of the Falcon {rN+ Dex+7 Stlth+}
 15099 | Abyss:2  | Found a corrupted altar of Lugonu.
 15099 | Abyss:2  | Cast into level 2 of the Abyss (a wizard)
 15215 | Abyss:2  | Noticed a tentacled starspawn
 15218 | Abyss:2  | Noticed a tentacled starspawn
 15222 | D:14     | Escaped the Abyss
 15242 | Abyss:2  | Cast into level 2 of the Abyss (a wizard)
 15300 | Abyss:2  | Noticed a profane servitor
 15301 | Abyss:2  | Gained mutation: You are partially covered in iridescent
                  | scales. (AC +2) [a neqoxec]
 15365 | Abyss:2  | Found a hide-covered altar of Uskayaw.
 15581 | Abyss:2  | Noticed a tentacled monstrosity
 15581 | Abyss:2  | Gained mutation: Armour fits poorly on your strangely
                  | shaped body. [a neqoxec]
 15599 | Abyss:2  | Gained mutation: You passively dampen the noise of your
                  | surroundings. [a neqoxec]
 15600 | Abyss:2  | Gained mutation: You are weak. (Str -2) [a neqoxec]
 15720 | Abyss:2  | Noticed a lich
 15745 | Abyss:2  | Killed a lich
 15746 | Abyss:2  | Reached skill level 5 in Stealth
 15760 | Abyss:2  | Reached skill level 10 in Invocations
 15809 | D:14     | Escaped the Abyss
 16307 | D:14     | Found a gate to the Vaults.
 17023 | D:14     | Killed Kirke
 17278 | D:14     | Identified the +6 short sword of Integrity {vorpal, Str+4
                  | Int+3 Dex+4 Stlth-}
 17343 | Abyss:3  | Cast into level 3 of the Abyss (a wizard)
 17397 | Abyss:3  | Reached skill level 15 in Fighting
 17584 | Abyss:3  | Noticed a deep elf sorcerer
 17592 | Abyss:3  | Noticed a tentacled starspawn
 17618 | Abyss:3  | Killed a tentacled starspawn
 17619 | Abyss:3  | Reached XP level 16. HP: 94/108 MP: 18/23
 17639 | Abyss:3  | Noticed a tentacled starspawn
 17687 | Abyss:3  | Killed a tentacled starspawn
 17769 | Abyss:3  | Found a corrupted altar of Lugonu.
 17787 | Abyss:3  | Gained mutation: Your spells are a little easier to cast,
                  | but a little less powerful. [a neqoxec]
 17850 | Abyss:3  | Found a corrupted altar of Lugonu.
 17925 | Abyss:3  | Noticed a hellephant
 17971 | Abyss:3  | Noticed a tentacled starspawn
 18179 | D:14     | Escaped the Abyss
 18394 | D:15     | Entered Level 15 of the Dungeon
 18701 | D:15     | Found an opulent altar of Gozag.
 19022 | D:15     | Paralysed by an ogre mage for 5 turns
 19027 | D:15     | Slain by a two-headed ogre

Illustrated notes

Levels and vault maps discovered:
D:1:      minmay_arrival_radiant_lines, layout_basic
D:2:      layout_basic, serial_shops, nicolae_lakefront_shop, uniq_natasha,
          uniq_terence
D:3:      layout_loops_ring, kennysheep_cluttered_room, uniq_robin
D:4:      layout_basic, minmay_temple_entry_water_ring
D:5:      layout_loops_ring, gammafunk_temple_overflow_forgotten,
          chequers_serial_rivers_small_3, nrook_loot_triangle,
          minmay_shop_damaged, uniq_menkaure, uniq_eustachio
D:6:      layout_loops_ring, nicolae_ru_sacrificial_ziggurat,
          mainiacjoe_overflow_six_doors_small, uniq_grinder
D:7:      layout_loops_corners, nemelex_xobeh_ov_fountains_minmay,
          nicolae_shop_clearance
D:8:      due_megacathedral, layout_basic, dpeg_lair_monsters, serial_shops,
          shop, shop, nicolae_stop_n_shop_1
D:9:      layout_basic, elyvilon_altar_3,
          mainiacjoe_overflow_concentric_impassable
D:10:     layout_basic, zombieorc2_lemuel, david_defended_altar_orc
D:11:     layout_cave_pools, dreamdust_mushroom_princess
D:12:     layout_rooms, minivault_21
D:13:     layout_loops_cross, nicolae_transmutations_shop,
          hangedman_abyss_or_decor_clamps, uniq_erolcha, uniq_snorg,
          uniq_frances
D:14:     minmay_tri_stars, layout_loops_cross, erik_vaults_1,
          hangedman_decor_slide_cut, xom_teletrap_fun, uniq_kirke
D:15:     grunt_enter_depths_hoard, layout_irregular_city,
          grunt_gozag_breadcrumbs, chequers_serial_rivers_marsh
Temple:   eino_narrow_crystal_temple
Lair:1:   layout_cave_shapes, nicolae_quartered_pool_super,
          chequers_serial_rivers_micro_c, st_stairs_12, uniq_harold,
          uniq_amaemon
Lair:2:   layout_hall_layers, grunt_megastairs_3, uniq_urug, uniq_fannar
Lair:3:   layout_regular_city, nicolae_swamp_entry_splash_gauntlet,
          guppyfry_snake_entry_garden
Lair:4:   layout_misc_corridors, lemuel_fruit_fields
Lair:5:   gammafunk_lair_ancient_temple, layout_cave_pods,
          dpeg_slime_entry_corner
Snake:1:  layout_rooms, portal_ice_cave_entry_horrid_things
Orc:1:    layout_caves
Orc:2:    hellmonk_orc_salted, layout_diamond_mine

Skill      XL: |  1  2  3  4  5  6  7  8  9 10 11 12 13 14 15 16 |
---------------+-------------------------------------------------+-----
Fighting       | 4 5 6 8 10 12 15 | 15.0
Maces & Flails | 4 5 6 7 8 10 12 | 12.0
Armour         | 1 2 3 4 7 8 10 11 12 13 | 13.1
Invocations    | 1 2 3 4 5 7 8 10 | 10.0
Dodging        | 3 5 8 10 | 10.0
Evocations     | 1 2 3 |  3.0
Shields        | 8 10 12 13 | 13.1
Stealth        | 3 8 |  8.0

Action                   |  1- 3 |  4- 6 |  7- 9 | 10-12 | 13-15 | 16-18 || total
-------------------------+-------+-------+-------+-------+-------+-------++-------
Melee: Mace              |    41 |       |       |       |       |       ||    41
       Punch             |     1 |     1 |     5 |     8 |       |       ||    15
       Dagger            |    27 |   122 |       |       |       |       ||   149
       Flail             |       |     7 |   306 |   455 |    28 |       ||   796
       Demon whip        |       |       |       |       |  2146 |   333 ||  2479
Throw: Boomerang         |       |     1 |     4 |       |     8 |       ||    13
       Throwing net      |       |       |       |       |     1 |     1 ||     2
Invok: Lesser Servant of |       |       |     2 |    22 |    30 |     4 ||    58
       Minor Destruction |       |       |       |    21 |    14 |       ||    35
       Major Destruction |       |       |       |       |     8 |     1 ||     9
       Greater Servant o |       |       |       |       |     1 |     1 ||     2
Evoke: Wand              |       |       |     8 |     3 |     8 |       ||    19
  Use: Potion            |     2 |       |       |     1 |    13 |     3 ||    19
       Scroll            |       |       |     8 |     3 |    13 |     2 ||    26
 Stab: Sleeping          |     3 |       |       |       |       |       ||     3
       Distracted        |       |       |       |     3 |     5 |     1 ||     9
Armor: Robe              |    24 |       |       |       |       |       ||    24
       Ring mail         |       |     5 |       |       |       |       ||     5
       Scale mail        |       |    39 |   204 |   357 |   200 |       ||   800
       Acid dragon scale |       |       |       |       |   386 |       ||   386
       Chain mail        |       |       |       |       |   317 |   102 ||   419
Dodge: Dodged            |    38 |    60 |   153 |   330 |   675 |    80 ||  1336
Block: Buckler           |       |       |       |    36 |    72 |       ||   108
       Kite shield       |       |       |       |       |   784 |   164 ||   948
